 Dungeon Crawl Stone Soup version 0.31.0-12-g77e489cdc1 (webtiles) character file.

Game seed: 7349258774062448274

87 PaiMei the Grave Robber (level 4, 0/30 HPs)
             Began as a Demonspawn Necromancer on Feb 21, 2024.
             Slain by an orc
             ... wielding a +2 dagger of electrocution
              (12 damage)
             ... on level 3 of the Dungeon.
             The game lasted 00:02:50 (2537 turns).

PaiMei the Grave Robber (Demonspawn Necromancer)    Turns: 2537, Time: 00:02:50

Health: 0/30       AC:  3    Str:  8    XL:     4   Next: 28%
Magic:  4/8        EV: 12    Int: 17    God:
Gold:   83         SH:  0    Dex: 14    Spells: 7/8 levels left

rFire   . . .        c - +0 short sword
rCold   . . .        (no shield)
rNeg    . . .        a - +0 robe
rPois   .            (no helmet)
rElec   .            (no cloak)
rCorr   .            (no gloves)
SInv    .            g - +0 pair of boots {rampage}
Will    .....        (no amulet)
Stlth   ++           (no ring)
HPRegen 0.25/turn    (no ring)
MPRegen 0.11/turn

%: rampage
@: lethally poisoned (0 -> -4), very slightly contaminated
A: claws 1
a: no special abilities


You were on level 3 of the Dungeon.
You visited 1 branch of the dungeon, and saw 3 of its levels.

You collected 149 gold pieces.
You spent 66 gold pieces at shops.

Inventory:

Hand Weapons
 c - a +0 short sword (weapon)
Missiles
 i - 4 poisoned darts (quivered)
Armour
 a - a +0 robe (worn)
 g - a +0 pair of boots of rampaging (worn)
Scrolls
 d - 2 scrolls of identify {unknown}
 e - 4 scrolls of teleportation
 j - a scroll of acquirement {unknown}
Potions
 b - a potion of magic
 f - 2 potions of brilliance {unknown}
 h - a potion of cancellation {unknown}
 k - 2 potions of curing
 l - 2 potions of might {unknown}
 m - a potion of degeneration {unknown}


   Skills:
 + Level 2.5 Dodging
 + Level 2.7 Stealth
 + Level 2.7 Spellcasting
 + Level 4.9 Necromancy


You had 7 spell levels left.
You knew the following spells:

 Your Spells              Type           Power      Damage    Failure   Level
a - Necrotise             Necr           76%        1d7       2%          1

Your spell library contained the following spells:

 Spells                   Type           Power      Damage    Failure   Level
 Vampiric Draining        Necr           19%        2d7       7%          3
 Animate Dead             Necr           19%        N/A       24%         4
 Call Canine Familiar     Summ           2%         N/A       47%         3
 Sigil of Binding         Hex            2%         N/A       47%         3
 Curse of Agony           Necr           19%        N/A       54%         5
 Dimensional Bullseye     Hex/Tloc       1%         N/A       87%         4


Dungeon Overview and Level Annotations

Branches:
Dungeon (3/15)

Altars:

Shops:
D:2 *   D:3 =


Innate Abilities, Weirdness & Mutations

You have sharp fingernails.


Message History

Confirm with . or Enter, or press ? or * to list all spells.
Aiming: Necrotise (safe; 2% risk of failure)
Press: ? - help, Shift-Dir - straight line, f - orc
Aim: an orc, wielding a +0 dagger of venom (ally target, chance to affect: 89%)
The orc writhes in agony.
You feel sick. The orc misses you.
You barely miss the orc.
The orc is moderately wounded.
You feel sick. The orc completely misses you.
You hit the orc.
The orc is heavily wounded.
You feel sick. The orc hits you but does no damage.
You are more poisoned.
Casting: Necrotise (safe; 2% risk of failure)
Confirm with . or Enter, or press ? or * to list all spells.
Aiming: Necrotise (safe; 2% risk of failure)
Press: ? - help, Shift-Dir - straight line, f/p - orc
Aim: an orc, wielding a +0 dagger of venom (heavily wounded, ally target, chance to affect: 89%)
The orc writhes in agony.
You kill the orc!
The dead are walking!
You feel sick.
The orc completely misses your orc skeleton.
Casting: Necrotise (safe; 2% risk of failure)
Confirm with . or Enter, or press ? or * to list all spells.
You can't see any susceptible monsters within range! (Use Z to cast anyway.)
You swap places.
A frilled lizard comes into view.
You feel sick. The orc hits you but does no damage.
Things that are here:
a +0 dagger of venom; a +0 club
Casting: Necrotise (safe; 2% risk of failure)
Confirm with . or Enter, or press ? or * to list all spells.
Aiming: Necrotise (safe; 2% risk of failure)
Press: ? - help, Shift-Dir - straight line, f - orc
Aim: an orc, wielding a +2 dagger of electrocution (ally target, chance to affect: 89%)
You miscast Necrotise.
You are very lightly contaminated with residual magic.
Nothing appears to happen.
You feel sick.
The orc hits you with a +2 dagger of electrocution.
You are electrocuted!
You die...

#.# #.# #.# #.# #.#
# ###.### # #.....#
#
#############.....#
#
#o@ZZ...........>.#
#
#.###########.....#
# #l #.....# # #)
####### #. #. .. #
## ######.#


You could see an orc (ally target), a frilled lizard and 2 friendly orc
skeletons.

Vanquished Creatures
  A gnoll (D:1)
  2 adders (D:2)
  A dart slug (D:1)
  2 ribbon worms (D:2)
  5 orcs
  4 ball pythons
  3 endoplasms
  5 goblins
  3 hobgoblins
  4 kobolds
  4 quokkas
  5 bats
  4 frilled lizards
  4 rats
47 creatures vanquished.

Vanquished Creatures (collateral kills)
  An endoplasm (D:1)
1 creature vanquished.

Grand Total: 48 creatures vanquished

Notes
Turn   | Place    | Note
-------+----------+-------------------------------------------
     0 | D:1      | PaiMei the Demonspawn Necromancer began the quest for the
                  | Orb.
     0 | D:1      | Reached XP level 1. HP: 13/13 MP: 3/3
   355 | D:1      | Gained mutation: You have sharp fingernails. [demonic
                  | ancestry]
   355 | D:1      | Reached XP level 2. HP: 19/19 MP: 1/5
   559 | D:1      | Found a faded altar of an unknown god.
   760 | D:1      | Reached XP level 3. HP: 24/24 MP: 4/6
  1767 | D:2      | Reached XP level 4. HP: 27/30 MP: 1/7
  1903 | D:2      | Found Jexoek's General Store.
  1911 | D:2      | Bought a scroll of teleportation for 33 gold pieces
  1911 | D:2      | Bought a potion of curing for 33 gold pieces
  2139 | D:3      | Found Mohyonwu's Jewellery Shoppe.
  2537 | D:3      | Slain by an orc

Illustrated notes

Levels and vault maps discovered:
D:1:      dpeg_chamrin_arrival_tetris, layout_loops_ring,
          ebering_ecumenical_altar_box
D:2:      layout_loops_ring, serial_shops, shop
D:3:      layout_loops_ring, serial_shops, nicolae_shop_tiny_glass, uniq_ijyb

Skill      XL: |  1 |
---------------+----+-----
Dodging        | 2 |  2.5
Stealth        | 2 |  2.7
Spellcasting   | |  2.7
Necromancy     | |  4.9

Action                     |  1- 3 |  4- 6 || total
---------------------------+-------+-------++-------
  Melee: Short sword       |    16 |     3 ||    19
   Cast: Necrotise         |    72 |    26 ||    98
   Stab: Distracted        |     1 |       ||     1
 Armour: Robe              |    11 |     5 ||    16
  Dodge: Dodged            |    37 |     4 ||    41
